 Dungeon Crawl Stone Soup version 0.28.0-53-g5a82cb258f (webtiles) character file.

Game seed: 11938837498628227586

207482 wingedge the Earth Mage (level 18, -16/112 HPs)
             Began as a Gargoyle Earth Elementalist on May 26, 2022.
             Was an Elder of Sif Muna.
             Demolished by a very large slime creature (64 damage)
             ... on level 1 of the Vaults on May 29, 2022.
             The game lasted 05:04:21 (48358 turns).

wingedge the Earth Mage (GrEE)                     Turns: 48358, Time: 05:04:22

Health: -16/112    AC: 43    Str: 14    XL:     18   Next: 75%
Magic:  7/33       EV: 10    Int: 25    God:    Sif Muna [****..]
Gold:   3034       SH:  5    Dex: 10    Spells: 5/39 levels left

rFire   . . .      SeeInvis .   X - staff of conjuration
rCold   + + +      Faith    .   p - +0 buckler {rC+}
rNeg    + + .      Spirit   .   Z - +0 ice dragon scales
rPois   ∞          Reflect  .   d - +2 helmet {Int+3}
rElec   +          Harm     .   F - +2 cloak
rCorr   .          Rampage  .   m - +2 pair of gloves
Will    +....                   c - +2 pair of boots
Stlth   ++........              J - amulet of the acrobat
HPRegen 0.28/turn               M - ring of positive energy
MPRegen 0.23/turn               x - ring of protection from fire

@: flying, studying Fire Magic
A: sickness immunity, AC +13, big wings, negative energy resistance 1,
electricity resistance, torment resistance 1, petrification resistance
}: 1/15 runes: decaying
a: Renounce Religion, Channel Magic, Forget Spell, Divine Exegesis


You were on level 1 of the Vaults.
You worshipped Sif Muna.
Sif Muna was greatly pleased with you.
You visited 6 branches of the dungeon, and saw 29 of its levels.
You also visited: Bailey and Ice Cave.

You collected 4904 gold pieces.
You spent 1870 gold pieces at shops.

Inventory:

Hand Weapons
 H - the +9 long sword "Kiawaomi" {vorpal, rPois Int+2}
   (You took it off a skeletal warrior on level 15 of the Dungeon)

   It inflicts extra damage upon your enemies.
   Int:       It affects your intelligence (+2).
   rPois:     It protects you from poison.
 Q - the +7 great mace "Firestarter" {inner flame, rF++}
   (You found it on level 10 of the Dungeon)

   It burns those it strikes, dealing additional fire damage.
   It fills those it strikes with an explosive inner flame.
   It grants immunity to clouds of flame.
   rF:        It greatly protects you from fire.
Missiles
 u - 230 stones
Armour
 c - a +2 pair of boots (worn)
 d - a +2 helmet of intelligence (worn)
 m - a +2 pair of gloves (worn)
 p - a +0 buckler of cold resistance (worn)
 t - a +1 ring mail of willpower
 F - a +2 cloak (worn)
 Z - +0 ice dragon scales (worn)
Magical Staves
 A - a staff of earth
 B - a staff of fire
 X - a staff of conjuration (weapon)
Jewellery
 b - a +6 ring of intelligence
 x - a ring of protection from fire (right hand)
 y - a ring of protection from cold
 J - an amulet of the acrobat (around neck)
 M - a ring of positive energy (left hand)
 P - a +6 ring of intelligence
 V - a ring of fire
Wands
 a - a wand of paralysis (21)
 i - a wand of digging (20)
 k - a wand of iceblast (20)
 o - a wand of charming (3)
 v - a wand of acid (17)
 G - a wand of polymorph (29)
 K - a wand of mindburst (14)
 R - a wand of flame (50)
Scrolls
 e - 4 scrolls of enchant weapon
 g - 6 scrolls of immolation
 h - 10 scrolls of teleportation
 q - 6 scrolls of vulnerability
 w - 6 scrolls of fog
 D - 8 scrolls of blinking
 E - 7 scrolls of fear
 I - 2 scrolls of brand weapon
 L - 3 scrolls of amnesia
 O - a scroll of enchant armour
 T - a scroll of holy word
 Y - 3 scrolls of identify
Potions
 f - 3 potions of might
 j - 15 potions of curing
 n - 5 potions of mutation
 r - 2 potions of cancellation
 s - 2 potions of resistance
 C - a potion of brilliance
 N - a potion of heal wounds
 U - a potion of ambrosia
Miscellaneous
 S - a phantom mirror


   Skills:
 - Level 12.0 Fighting
 + Level 14.7 Armour
 - Level 6.3 Dodging
 - Level 7.0 Stealth
 - Level 5.0 Shields
 - Level 11.0 Spellcasting
 * Level 15.3 Conjurations
 - Level 5.0 Translocations
 - Level 3.0 Transmutations
 - Level 11.1 Fire Magic
 - Level 3.0 Air Magic
 + Level 17.3 Earth Magic
 - Level 10.0 Invocations
 - Level 5.1 Evocations


You had 5 spell levels left.
You knew the following spells:

 Your Spells              Type           Power      Damage    Failure   Level
a - Sandblast             Erth           100%       2d20      0%          1
b - Iron Shot             Conj/Erth      48%        9d9       3%          6
c - Stone Arrow           Conj/Erth      100%       3d13      1%          3
d - Petrify               Tmut/Erth      59%        N/A       3%          4
e - Blink                 Tloc           76%        N/A       3%          2
f - Flame Wave            Conj/Fire      88%        2d15      1%          4
g - Apportation           Tloc           76%        N/A       2%          1
h - Iskenderun's Battles  Conj           94%        2d14      1%          5
j - Swiftness             Air            28%        N/A       17%         3
k - Lee's Rapid Deconstr  Erth           39%        3d20*     1%          5

Your spell library contained the following spells:

 Spells                   Type           Power      Damage    Failure   Level
 Foxfire                  Conj/Fire      100%       2x1d9     1%          1
 Magic Dart               Conj           100%       1d8       1%          1
 Shock                    Conj/Air       100%       1d9       1%          1
 Passwall                 Tmut/Erth      49%        N/A       1%          2
 Scorch                   Fire           100%       2d10      1%          2
 Searing Ray              Conj           100%       2d8       1%          2
 Conjure Flame            Conj/Fire      88%        6-21      1%          3
 Sticky Flame             Conj/Fire      88%        2d10      1%          4
 Fireball                 Conj/Fire      44%        3d18      2%          5
 Iskenderun's Mystic Bla  Conj/Tloc      77%        2d15      3%          4
 Mephitic Cloud           Conj/Pois/Air  60%        N/A       4%          3
 Animate Armour           Summ/Erth      100%       N/A       5%          4
 Inner Flame              Hex/Fire       41%        N/A       6%          3
 Lesser Beckoning         Tloc           38%        N/A       8%          3
 Wereblood                Tmut           28%        N/A       9%          2
 Fulminant Prism          Conj/Hex       33%        3d16      9%          4
 Sting                    Tmut/Pois      84%        1d7       11%         1
 Irradiate                Conj/Tmut      36%        3d25      13%         5
 Corpse Rot               Necr/Air       42%        N/A       16%         2
 Poisonous Vapours        Pois/Air       42%        N/A       16%         2
 Borgnjor's Vile Clutch   Necr/Erth      27%        N/A       16%         5
 Animate Skeleton         Necr           26%        N/A       19%         1
 Slow                     Hex            52%        N/A       19%         1
 Summon Small Mammal      Summ           52%        N/A       19%         1
 Passage of Golubria      Tloc           38%        N/A       24%         4
 Call Imp                 Summ           13%        N/A       28%         2
 Ensorcelled Hibernation  Hex/Ice        26%        N/A       28%         2
 Freezing Cloud           Conj/Ice/Air   30%        6-21      41%         5
 Call Canine Familiar     Summ           13%        N/A       50%         3
 Ozocubu's Armour         Ice            13%        N/A       50%         3
 Summon Guardian Golem    Hex/Summ       13%        N/A       50%         3
 Tukima's Dance           Hex            13%        N/A       50%         3
 Airstrike                Air            14%        N/A       50%         4
 Manifold Assault         Tloc           38%        N/A       56%         5
 Blade Hands              Tmut           14%        N/A       83%         5
 Anguish                  Hex/Necr       6%         N/A       88%         4
 Cause Fear               Hex            6%         N/A       88%         4
 Olgreb's Toxic Radiance  Pois           13%        N/A       88%         4
 Yara's Violent Unravell  Hex/Tmut       10%        3d6       96%         5
 Agony                    Necr           13%        N/A       99%         5
 Starburst                Conj/Fire      44%        6d12      13%         6
 Orb of Destruction       Conj           47%        9d12      30%         7
 Conjure Ball Lightning   Conj/Air       36%        3x3d12    56%         6
 Lehudib's Crystal Spear  Conj/Erth      48%        10d12     85%         8
 Eringya's Noxious Bog    Tmut/Pois      10%        N/A       100%        6
 Summon Cactus Giant      Summ           6%         N/A       100%        6
 Enfeeble                 Hex            6%         N/A       100%        7
 Ozocubu's Refrigeration  Ice            6%         4d6       100%        7
 Summon Hydra             Summ           6%         N/A       100%        7
 Necromutation            Tmut/Necr      10%        N/A       100%        8
 Chain Lightning          Conj/Air       36%        3d48      100%        9
 Death's Door             Necr           6%         N/A       100%        9
 Fire Storm               Conj/Fire      44%        8d11      100%        9
 Shatter                  Erth           39%        3d31*     100%        9
 Sublimation of Blood     Necr           Unusable   N/A       N/A         2
 Statue Form              Tmut/Erth      Unusable   N/A       N/A         6

Dungeon Overview and Level Annotations

Branches:
Dungeon (15/15)            Temple (1/1) D:7            Lair (6/6) D:9
  Swamp (4/4) Lair:3        Snake (0/4) Lair:4        Slime (0/5) Lair:5
    Orc (2/2) D:9             Elf (0/3) Orc:2        Vaults (1/5) D:13
 Depths (0/4) D:15         Bailey (visited)           IceCv (visited)

Altars:
Ashenzari
Cheibriados
Dithmenos
Elyvilon
Fedhas
Gozag
Hepliaklqana
Kikubaaqudgha
Makhleb
Nemelex Xobeh
Okawaru
Qazlal
Ru
Sif Muna
Trog
Uskayaw
Vehumet
Wu Jian
Xom
Yredelemnul
Zin
The Shining One
Beogh

Shops:
D:1 [   D:2 *   D:5 ?   D:7 (   Orc:2 **[:

Portals:
Trove: D:11 (show slimy rune of Zot)


Innate Abilities, Weirdness & Mutations

You are immune to sickness and miasma.
Your stone body is resilient. (AC +13)
You are immune to poison.
Your large and strong wings let you fly.
You resist negative energy. (rN+)
You are resistant to electric shocks. (rElec)
You are resistant to unholy torment.
You are immune to petrification.


Message History

Aiming: Iron Shot (dangerous; 3% risk of failure)
Press: ? - help, Shift-Dir - straight line, f - very large slime creature
Aim: a very large slime creature (strong, 95% to hit)
Okay, then.
Casting: Iron Shot (dangerous; 3% risk of failure)
Confirm with . or Enter, or press ? or * to list all spells.
Aiming: Iron Shot (dangerous; 3% risk of failure)
Press: ? - help, Shift-Dir - straight line, f - very large slime creature
Aim: a very large slime creature (strong, 95% to hit)
You feel a surge of power!
The iron shot hits the very large slime creature!!!
The very large slime creature is moderately wounded.
The sentinel's mark upon you fades away.
The very large slime creature hits you!
Your magical contamination has completely faded away.
Casting: Iron Shot (dangerous; 3% risk of failure)
Confirm with . or Enter, or press ? or * to list all spells.
Aiming: Iron Shot (dangerous; 3% risk of failure)
Press: ? - help, Shift-Dir - straight line, f/p - very large slime creature
Aim: a very large slime creature (moderately wounded, strong, 95% to hit)
You feel a surge of power!
The iron shot hits the very large slime creature!!!
The very large slime creature is heavily wounded.
The very large slime creature hits you!!!
The phantasmal warrior gestures at you.
The phantasmal warrior blinks!
The ironbound preserver casts a spell.
The ironbound preserver begins to accept its allies' injuries.
Casting: Iron Shot (dangerous; 3% risk of failure)
Confirm with . or Enter, or press ? or * to list all spells.
Aiming: Iron Shot (dangerous; 3% risk of failure)
Press: ? - help, Shift-Dir - straight line, f/p - very large slime creature
Aim: a very large slime creature (heavily wounded, strong, sheltered from injuries, 95% to hit)
You feel a surge of power!
The iron shot hits the very large slime creature!!
The very large slime creature is heavily wounded.
You feel less invigorated.
The very large slime creature hits you!!!
Ouch! That really hurt!
You die...

*,,**,,,,,,*
*,***,,,,,,####********
******,,,,,#......,,,,*
,*,,,*...,,#......,,,,*
,*,,,*...,,#......,,,,***
,*,,,*....,#.....>,,,,,,**
,*,,,*.....#.W..,,,,,,*,,*
,*,,,*,....#.pp#########,*
,*,,,*,....')p{J@.....⌠.,*
,',,,*.,...#.p§###...###**
**,,,*..,,,#.....##∩##*
,,,,,*...,,#)W....###,*
,,,,,*....,#.........,*
,,,,,*.....#..........*
#*****.....'..........*
.,,,,,.....##)########*
.,,,,,.....*#......#
********


You could see an ironbound preserver, a vault guard (sheltered), a very large
slime creature (strong, sheltered), a vault sentinel (sheltered), a phantasmal
warrior (sheltered) and an ironbound convoker (sheltered).

Vanquished Creatures
  A shard shrike (IceCv)
  Jorgrun (D:13)
  A tentacled monstrosity (Swamp:1)
  A thorn hunter (Swamp:1)
  Roxanne (Swamp:2)
  2 orc warlords
  3 vault wardens (Vaults:1)
  2 ghouls (Swamp:2)
  4 ironbound preservers
  A very ugly thing (Swamp:4)
  Nessos (D:14)
  A deep elf annihilator (Vaults:1)
  5 eleionomae
  Azrael (D:15)
  5 bunyips
  A white draconian (IceCv)
  A dire elephant (Vaults:1)
  2 green deaths (Swamp:4)
  2 yaktaur captains (Vaults:1)
  The ghost of enile the Protected, a journeyman GnWn of Hepliaklqana (Lair:4)
  2 ettins
  A salamander tyrant (D:10)
  2 vault guards (Vaults:1)
  A shambling mangrove (Swamp:4)
  2 great orbs of eyes (Swamp:4)
  4 boulder beetles
  27 hydras
  5 ogre magi
  A spriggan air mage (Swamp:3)
  A hell beast (Swamp:4)
  5 catoblepae
  A ghost crab (Swamp:2)
  Erica (D:8)
  3 ironbound frosthearts
  6 centaur warriors
  24 two-headed ogres
  The ghost of mortz the Eclecticist, a journeyman SpCj of Gozag (Lair:3)
  9 alligators
  10 death yaks
  A tengu warrior (D:15)
  2 thrashing horrors (Swamp:4)
  12 spriggans
  7 skeletal warriors
  3 goliath frogs
  7 bog bodies
  3 spriggan druids
  7 swamp dragons (Swamp:4)
  An orange crystal statue (IceCv)
  9 deep trolls
  3 ironbound convokers (Vaults:1)
  A deep elf pyromancer (D:15)
  A deep elf zephyrmancer (D:15)
  A large abomination (Swamp:4)
  A necromancer (D:15)
  23 ugly things
  2 orc sorcerers (Orc:1)
  2 will-o-the-wisps
  7 cyclopes
  12 elephants
  3 manticores
  3 black mambas
  4 gargoyles
  A guardian serpent (Lair:4)
  A smoke demon (D:10)
  2 ice statues (D:14)
  7 vault sentinels (Vaults:1)
  2 torpor snails
  18 cane toads
  3 orange demons (Swamp:4)
  2 freezing wraiths (D:15)
  Psyche (D:12)
  3 unseen horrors
  A kobold demonologist (D:9)
  13 rime drakes
  13 komodo dragons
  6 yaktaurs
  A tengu conjurer (D:15)
  6 trolls
  8 meliai
  6 tyrant leeches
  2 bloated husks
  15 hornets
  16 polar bears
  A queen bee (Lair:3)
  Grinder (D:5)
  23 slime creatures
  Prince Ribbit (D:5)
  11 blink frogs
  A spriggan (shapeshifter) (D:15)
  Sigmund (D:3)
  3 shadows
  4 wyverns
  2 wraiths (D:10)
  6 fire elementals
  5 basilisks
  A basilisk (shapeshifter) (D:14)
  2 vampire mosquitoes (D:13)
  2 fire bats (D:10)
  A steam dragon (D:7)
  48 yaks
  Menkaure (D:5)
  9 swamp worms
  3 wargs
  3 acid dragons
  21 water moccasins
  3 hell hounds (D:15)
  Duvessa (D:4)
  An ice beast (D:4)
  26 orc warriors
  3 necrophages
  28 ogres
  A sky beast (D:7)
  29 wolves
  13 centaurs
  3 phantoms
  A kobold brigand (D:7)
  A gnoll sergeant (D:9)
  11 bullfrogs
  2 scorpions
  Dowan (D:4)
  8 killer bees (Lair:3)
  A wight (D:9)
  3 howler monkeys
  3 electric eels
  7 centaur zombies
  2 jellies
  2 gnoll shamans
  5 hounds
  20 orc priests
  An iguana (D:4)
  Ijyb (D:3)
  32 orc wizards
  5 hell rats (Lair:4)
  2 howler monkey zombies
  18 gnolls
  12 adders
  2 howler monkey skeletons
  A white imp (D:6)
  2 ufetubi (D:4)
  An adder skeleton (D:4)
  2 worms
  3 dart slugs
  80 orcs
  4 ball pythons
  3 bats
  6 endoplasms
  3 giant cockroaches
  7 goblins
  6 hobgoblins
  2 jackals (D:3)
  3 quokkas
  4 frilled lizards
  21 kobolds
  2 rats (D:2)
  A bush (Lair:5)
934 creatures vanquished.

Vanquished Creatures (collateral kills)
  An orc warrior (Orc:1)
  An orc (Orc:1)
2 creatures vanquished.

Vanquished Creatures (others)
  A ghoul (Swamp:2)
  A bloated husk (Swamp:2)
  86 fungi
  101 plants
189 creatures vanquished.

Grand Total: 1125 creatures vanquished

Notes
Turn   | Place    | Note
-------+----------+-------------------------------------------
     0 | D:1      | wingedge the Gargoyle Earth Elementalist began the quest
                  | for the Orb.
     0 | D:1      | Reached XP level 1. HP: 10/10 MP: 3/3
   330 | D:1      | Reached skill level 4 in Earth Magic
   486 | D:1      | Reached XP level 2. HP: 15/15 MP: 5/5
   847 | D:1      | Found Tabus's Armour Shop.
  1071 | D:2      | Found a faded altar of an unknown god.
  1171 | D:2      | Reached XP level 3. HP: 19/19 MP: 4/6
  1919 | D:2      | Reached skill level 5 in Earth Magic
  1942 | D:2      | Reached skill level 1 in Conjurations
  1942 | D:2      | Reached XP level 4. HP: 24/24 MP: 5/8
  2351 | D:2      | Found Boqov's General Store.
  2355 | D:2      | Bought a potion of curing for 33 gold pieces
  2866 | D:3      | Noticed Sigmund
  2873 | D:3      | Killed Sigmund
  2874 | D:3      | Reached skill level 6 in Earth Magic
  2874 | D:3      | Reached XP level 5. HP: 20/28 MP: 1/9
  2874 | D:3      | Reached XP level 6. HP: 23/32 MP: 1/10
  3219 | D:3      | Found an iron altar of Okawaru.
  3280 | D:3      | Noticed Ijyb
  3293 | D:3      | Killed Ijyb
  3325 | D:3      | Learned a level 2 spell: Passwall
  3329 | D:3      | Learned a level 3 spell: Stone Arrow
  3483 | D:4      | Noticed an ice beast
  3488 | D:4      | Killed an ice beast
  3489 | D:4      | Reached skill level 1 in Transmutations
  3489 | D:4      | Reached XP level 7. HP: 36/36 MP: 1/12
  3632 | D:4      | Noticed Duvessa
  3632 | D:4      | Noticed Dowan
  3644 | D:4      | Killed Duvessa
  3645 | D:4      | Reached skill level 7 in Earth Magic
  3919 | D:4      | Killed Dowan
  4251 | D:4      | Reached skill level 5 in Conjurations
  4269 | D:4      | Reached XP level 8. HP: 39/42 MP: 7/14
  4283 | D:4      | Reached skill level 1 in Fighting
  4283 | D:4      | Reached skill level 1 in Armour
  4468 | D:4      | Found a glowing golden altar of the Shining One.
  4870 | D:4      | Found a shimmering altar of Xom.
  5122 | D:5      | Entered Level 5 of the Dungeon
  5127 | D:5      | Found Pekor's Magic Scroll Shop.
  5132 | D:5      | Bought a scroll of teleportation for 39 gold pieces
  5197 | D:5      | Reached skill level 8 in Earth Magic
  5474 | D:5      | Learned a level 4 spell: Petrify
  5669 | D:5      | Noticed Menkaure
  5674 | D:5      | Killed Menkaure
  5872 | D:5      | Noticed Prince Ribbit
  5877 | D:5      | Killed Prince Ribbit
  5878 | D:5      | Reached XP level 9. HP: 38/51 MP: 3/15
  6087 | D:1      | Bought a +1 cloak for 126 gold pieces
  6220 | D:5      | Learned a level 2 spell: Blink
  6383 | D:5      | Noticed Grinder
  6393 | D:5      | Killed Grinder
  6655 | D:6      | Reached skill level 9 in Earth Magic
  6774 | D:6      | Reached skill level 1 in Translocations
  7090 | D:6      | Noticed a troll
  7095 | D:6      | Killed a troll
  7188 | D:6      | Found an ornate altar of the Wu Jian Council.
  7261 | D:6      | Reached skill level 5 in Spellcasting
  7563 | D:7      | Found a white marble altar of Elyvilon.
  7628 | D:7      | Reached skill level 5 in Armour
  7634 | D:7      | Reached skill level 5 in Fighting
  7733 | D:7      | Found Niagozeo's Weapon Boutique.
  7797 | D:7      | Found a flagged portal.
  7845 | Bailey   | Entered a bailey
  7850 | Bailey   | Noticed an orc warlord
  7858 | Bailey   | Reached XP level 10. HP: 59/59 MP: 14/17
  7960 | Bailey   | Reached skill level 10 in Earth Magic
  8232 | Bailey   | Found a runed translucent gate.
  8233 | Bailey   | Found a runed translucent gate.
  8234 | Bailey   | Found a runed translucent gate.
  8656 | Bailey   | Killed an orc warlord
  8714 | Bailey   | Acquired 1284 gold pieces
  8836 | D:1      | Bought a +1 ring mail of willpower for 176 gold pieces
  9026 | D:8      | Noticed a two-headed ogre
  9156 | D:7      | Found a staircase to the Ecumenical Temple.
  9163 | Temple   | Entered the Ecumenical Temple
  9277 | Temple   | Became a worshipper of Sif Muna the Loreminder
 10026 | D:7      | Killed a two-headed ogre
 10422 | D:8      | Noticed Erica
 10427 | D:8      | Killed Erica
 10428 | D:8      | Reached skill level 1 in Evocations
 10428 | D:8      | Reached XP level 11. HP: 59/64 MP: 12/18
 10536 | D:8      | Reached * piety under Sif Muna
 11068 | D:9      | Found a staircase to the Orcish Mines.
 11083 | D:9      | Reached skill level 5 in Dodging
 12112 | D:9      | Noticed a two-headed ogre
 12372 | D:9      | Found a staircase to the Lair.
 12842 | D:9      | Killed a two-headed ogre
 12843 | D:9      | Reached skill level 11 in Earth Magic
 12975 | D:10     | Entered Level 10 of the Dungeon
 13356 | D:10     | Noticed a two-headed ogre
 13360 | D:10     | Killed a two-headed ogre
 13706 | D:10     | Noticed a salamander tyrant
 13710 | D:10     | Killed a salamander tyrant
 13711 | D:10     | Reached XP level 12. HP: 57/72 MP: 5/21
 13856 | D:10     | Found the +7 great mace "Firestarter" {inner flame, rF++}
 13880 | D:10     | Reached ** piety under Sif Muna
 14033 | D:10     | Noticed a boulder beetle
 14247 | D:10     | Killed a boulder beetle
 14248 | D:10     | Reached skill level 1 in Fire Magic
 14503 | D:10     | Found a sacrificial altar of Ru.
 14921 | D:11     | Reached skill level 1 in Invocations
 14972 | D:11     | Noticed a boulder beetle
 15283 | D:11     | Noticed a two-headed ogre
 15294 | D:11     | Killed a two-headed ogre
 15527 | Lair:1   | Entered Level 1 of the Lair of Beasts
 16027 | Lair:1   | Reached skill level 12 in Earth Magic
 16031 | Lair:1   | Noticed a four-headed hydra
 16038 | Lair:1   | Killed a four-headed hydra
 16158 | Lair:1   | Noticed a seven-headed hydra
 16435 | Lair:1   | Learned a level 4 spell: Flame Wave
 16477 | Lair:1   | Noticed a seven-headed hydra
 16486 | Lair:1   | Killed a seven-headed hydra
 16487 | Lair:1   | Reached skill level 5 in Translocations
 16630 | Lair:1   | Noticed a four-headed hydra
 16635 | Lair:1   | Killed a four-headed hydra
 16717 | Lair:1   | Killed a seven-headed hydra
 17183 | Lair:2   | Reached skill level 5 in Fire Magic
 17350 | Lair:2   | Reached XP level 13. HP: 69/78 MP: 19/23
 17580 | Lair:1   | Reached skill level 10 in Armour
 17581 | Lair:1   | Reached *** piety under Sif Muna
 18834 | Lair:2   | Reached skill level 5 in Invocations
 19264 | Lair:2   | Learned a level 1 spell: Apportation
 19851 | Lair:3   | Reached skill level 13 in Earth Magic
 19851 | Lair:3   | Reached skill level 5 in Evocations
 20411 | Lair:3   | Noticed mortz's ghost (journeyman SpCj)
 20415 | Lair:3   | Found a transporter.
 20415 | Lair:3   | Found a transporter.
 20436 | Lair:3   | Reached **** piety under Sif Muna
 20459 | Lair:3   | Killed mortz's ghost
 20628 | Lair:3   | Got the Disquisition on Attacks
 20643 | Lair:3   | Learned a level 5 spell: Iskenderun's Battlesphere
 20808 | Lair:3   | Found a staircase to the Swamp.
 21458 | Lair:4   | Gained mutation: Your large and strong wings let you fly.
                  | [Gargoyle growth]
 21458 | Lair:4   | Reached XP level 14. HP: 72/84 MP: 7/26
 21817 | Lair:4   | Found a large runed translucent door.
 21817 | Lair:4   | Found a large runed translucent door.
 22368 | Lair:4   | Found a staircase to the Snake Pit.
 22523 | Lair:4   | Noticed enile's ghost (journeyman GnWn)
 22564 | Lair:4   | Killed enile's ghost
 24008 | Lair:5   | Found a staircase to the Slime Pits.
 24370 | Lair:6   | Entered Level 6 of the Lair of Beasts
 25305 | Lair:5   | Reached ***** piety under Sif Muna
 26012 | Lair:6   | Reached skill level 5 in Stealth
 26309 | Lair:6   | Received a gift from Sif Muna
 26313 | Lair:6   | Reached XP level 15. HP: 78/91 MP: 7/28
 26351 | Lair:6   | Got Sif Muna's Collected Works on Black Rituals and Curses
                  | {god gift}
 27055 | Lair:6   | Learned a level 2 spell: Scorch
 27270 | Lair:6   | Identified the ring of Coronation {Fly rPois rC+ Dex+4
                  | Stlth-}
 27540 | D:11     | Reached skill level 10 in Fire Magic
 27769 | D:11     | Found a portal to a secret trove of treasure.
 28402 | D:12     | Noticed Psyche
 28408 | D:12     | Killed Psyche
 29067 | D:12     | Learned a level 3 spell: Swiftness
 29774 | Orc:1    | Entered Level 1 of the Orcish Mines
 29780 | Orc:1    | Noticed an orc warlord
 30209 | Orc:1    | Killed an orc warlord
 30210 | Orc:1    | Reached skill level 10 in Conjurations
 30240 | Orc:1    | Reached skill level 10 in Fighting
 30876 | Orc:2    | Entered Level 2 of the Orcish Mines
 30878 | Orc:2    | Received a gift from Sif Muna
 30892 | Orc:2    | Got Sif Muna's Almanac of Stones and Illusion {god gift}
 31088 | Orc:1    | Learned a level 5 spell: Lee's Rapid Deconstruction
 31100 | Orc:2    | Found a staircase to the Elven Halls.
 31583 | Orc:2    | Reached skill level 1 in Air Magic
 33061 | Orc:2    | Found Ozur's General Store.
 33061 | Orc:2    | Found Feso's Assorted Antiques.
 33062 | Orc:2    | Found Pumpis's Armour Emporium.
 33062 | Orc:2    | Found Jupn's Book Shop.
 33077 | Orc:2    | Bought a scroll of identify for 28 gold pieces
 33077 | Orc:2    | Bought a scroll of identify for 28 gold pieces
 33079 | Orc:2    | Bought a book of Annihilations for 900 gold pieces
 33079 | Orc:2    | Bought a book of Iron for 540 gold pieces
 33391 | Orc:1    | Reached XP level 16. HP: 97/97 MP: 12/29
 34063 | Swamp:1  | Entered Level 1 of the Swamp
 34075 | Swamp:1  | Received a gift from Sif Muna
 34076 | Swamp:1  | Got Reubby's Collected Works on the Blaze and the Traveller
                  | {god gift}
 34197 | Swamp:1  | Reached skill level 10 in Spellcasting
 34239 | Lair:3   | Learned a level 6 spell: Iron Shot
 34764 | Swamp:1  | Noticed a thorn hunter
 34769 | Swamp:1  | Killed a thorn hunter
 34860 | Swamp:1  | Noticed a tentacled monstrosity
 34864 | Swamp:1  | Killed a tentacled monstrosity
 34973 | Swamp:1  | Got the Compendium of the Mutagenic Mountains
 35304 | Swamp:2  | Identified Roxanne's Reference Book on Changing
 35304 | Swamp:2  | Noticed Roxanne
 35313 | Swamp:2  | Killed Roxanne
 35337 | Swamp:2  | Reached skill level 14 in Earth Magic
 36380 | Swamp:2  | You are sucked into a shaft and drop 1 floor!
 36489 | Swamp:3  | Identified the +7 whip "Iran Uzubyut" {protect, Fly Int+10
                  | Dex-5}
 37373 | Swamp:2  | Reached skill level 1 in Shields
 38582 | Swamp:4  | Entered Level 4 of the Swamp
 38794 | Swamp:3  | Reached XP level 17. HP: 39/104 MP: 12/31
 39151 | Swamp:4  | Reached skill level 15 in Earth Magic
 39788 | Swamp:4  | Received a gift from Sif Muna
 39789 | Swamp:4  | Got Sif Muna's Collected Works on Hurtful Bewitchment {god
                  | gift}
 40749 | Swamp:4  | Reached skill level 10 in Invocations
 40900 | Swamp:4  | Got a decaying rune of Zot
 41494 | D:13     | Noticed Jorgrun
 41502 | D:13     | Killed Jorgrun
 42589 | D:13     | Found a gate to the Vaults.
 42819 | D:14     | Noticed Nessos
 42821 | D:14     | Killed Nessos
 42838 | D:14     | Found a frozen archway.
 42944 | IceCv    | Entered an ice cave
 43310 | IceCv    | Reached skill level 16 in Earth Magic
 43604 | IceCv    | Noticed a shard shrike
 43636 | IceCv    | Killed a shard shrike
 44385 | D:15     | Entered Level 15 of the Dungeon
 44413 | D:15     | Reached skill level 5 in Shields
 44582 | D:15     | Reached XP level 18. HP: 112/112 MP: 15/33
 44696 | D:15     | Found a staircase to the Depths.
 44766 | D:15     | Noticed Azrael
 44773 | D:15     | Killed Azrael
 45488 | D:15     | Identified the +9 long sword "Kiawaomi" {vorpal, rPois
                  | Int+2}
 45597 | D:15     | Acquired 827 gold pieces
 46807 | Vaults:1 | Entered Level 1 of the Vaults
 47087 | Vaults:1 | Reached skill level 17 in Earth Magic
 47556 | Vaults:1 | Reached skill level 15 in Conjurations
 48358 | Vaults:1 | Demolished by a very large slime creature

Illustrated notes

Levels and vault maps discovered:
D:1:      minmay_arrival_diagonal_passages, layout_basic, serial_shops,
          nicolae_shop_temple_entry_statues_fountains
D:2:      layout_basic, serial_shops, nicolae_shop_stone,
          ebering_ecumenical_altar_box, serial_co_window_serial,
          co_window_of_opportunity_a, co_window_corner_a, co_window_paths_a,
          co_window_paths_a, co_window_corner_a, co_window_broadway_c,
          co_window_of_opportunity_c, co_window_broadway_c, co_window_corner_cb,
          co_window_of_opportunity_b, co_window_corner_cb, co_window_broadway_c,
          amcnicky_mini_corridor_feature, amcnicky_mini_rare_corridor_liquid,
          minmay_misc_feat_rugged
D:3:      layout_basic, mainiacjoe_overflow_alcove_4, serial_forest,
          infiniplex_forest_clump_small, infiniplex_forest_end_3,
          infiniplex_forest_corner_1, infiniplex_forest_clump_medium,
          ebering_dispersal_statue_hall, uniq_sigmund, uniq_ijyb
D:4:      layout_loops_ring, nicolae_tso_swordbearing_angel,
          mainiacjoe_overflow_concentric_impassable, uniq_duvessa
D:5:      layout_gridville, serial_shops, shop, uniq_prince_ribbit1,
          uniq_grinder, uniq_menkaure
D:6:      layout_loops_ring, overflow_temple_1_default
D:7:      layout_basic, mainiacjoe_overflow_boulevard,
          minmay_temple_entry_fiery, enter_bailey_2, serial_shops, shop
D:8:      layout_basic, uniq_erica
D:9:      wad_river_or_something, layout_rooms, lair_entry_dummy
D:10:     minmay_firetagon, layout_stronghold, nicolae_ru_path_of_blood
D:11:     layout_loops_ring, enter_trove_6
D:12:     layout_irregular_city, uniq_psyche
D:13:     layout_rooms, skrybe_vaults_entry_preservation, uniq_jorgrun
D:14:     layout_roguey, portal_ice_cave_entry_ice_statue_two,
          minmay_misc_feat_diagonals, columned_hall_lemuel, uniq_nessos
D:15:     hangedman_depths_entry_civil_slaughter, layout_irregular_city,
          glass_columns_a, hangedman_corner_corridor, uniq_azrael
Temple:   regret_index_temple_sphere_string
Lair:1:   layout_roguey, grunt_megastairs_4, serial_bayou_shore_b,
          serial_bayou_shore_a
Lair:2:   layout_layer_cave, serial_forest, infiniplex_forest_straight_1,
          infiniplex_forest_lined_3, infiniplex_forest_lined_2,
          infiniplex_forest_diagonal
Lair:3:   layout_regular_city, minmay_swamp_entry_worms, gammafunk_ghost_hive
Lair:4:   layout_loops_ring, minmay_snake_entry_spellcaster,
          ebering_ghost_disaster_area
Lair:5:   layout_regular_city, minmay_slime_entry_pillars
Lair:6:   evilmike_catoblepas_cave, layout_regular_city,
          infiniplex_staircase_pool
Swamp:1:  layout_basic_swamp, evilmike_swamp_ruin_rubble_2
Swamp:2:  layout_basic_swamp, evilmike_swamp_ruin_house_3, uniq_roxanne
Swamp:3:  layout_falls_marsh, nicolae_swamp_feature_on_the_river_bank
Swamp:4:  swamp_vile, layout_basic_swamp, swamp_pool1
Orc:1:    layout_diamond_mine, basic_altar, guppyfry_library_mini
Orc:2:    st_orc_ogre_mass, layout_caves, basic_altar, david_defended_altar_orc
Vaults:1: grunt_vaults_twisty, nicolae_vaults_theta,
          nicolae_vaults_disjoint_gnomons, hangedman_vaults_corner_blocks,
          hangedman_vaults_variations, vaults_room_hangedman_quadrants,
          nicolae_vaults_little_squares_1, vaults_dpeg_encased_lava,
          hangedman_vaults_slice, ontoclasm_vaults_ring_large,
          layout_vaults_big_room, serial_shops, bzr_entry_road

Skill      XL: |  1  2  3  4  5  6  7  8  9 10 11 12 13 14 15 16 17 18 |
---------------+-------------------------------------------------------+-----
Earth Magic    | 4 5 6 7 8 9 10 11 12 13 14 16 17 | 17.3
Conjurations   | 1 3 5 6 7 9 10 12 13 15 | 15.3
Spellcasting   | 3 4 5 6 7 8 9 10 11 | 11.0
Transmutations | 1 2 3 |  3.0
Fighting       | 3 5 7 8 9 10 11 12 | 12.0
Armour         | 3 5 7 8 9 11 12 13 14 | 14.7
Dodging        | 2 3 4 5 6 |  6.3
Stealth        | 3 5 6 7 |  7.0
Translocations | 2 3 4 5 |  5.0
Evocations     | 1 3 4 5 |  5.1
Fire Magic     | 5 7 9 11 | 11.1
Invocations    | 4 6 7 8 9 10 | 10.0
Air Magic      | 1 3 |  3.0
Shields        | 2 5 |  5.0

Action                   |  1- 3 |  4- 6 |  7- 9 | 10-12 | 13-15 | 16-18 || total
-------------------------+-------+-------+-------+-------+-------+-------++-------
Melee: Dagger            |    20 |    45 |    27 |       |       |       ||    92
       Punch             |       |     1 |       |     2 |       |     1 ||     4
       Staff             |       |       |       |    96 |    73 |    53 ||   222
 Cast: Sandblast         |    21 |    37 |    80 |   157 |   105 |    20 ||   420
       Stone Arrow       |       |     2 |    53 |   220 |   434 |    57 ||   766
       Passwall          |       |       |     3 |     5 |     1 |       ||     9
       Blink             |       |       |     1 |     3 |     5 |     1 ||    10
       Petrify           |       |       |       |    12 |     4 |     1 ||    17
       Flame Wave        |       |       |       |       |    55 |    43 ||    98
       Iskenderun's Batt |       |       |       |       |    60 |   100 ||   160
       Apportation       |       |       |       |       |     1 |       ||     1
       Lee's Rapid Decon |       |       |       |       |     7 |     4 ||    11
       Swiftness         |       |       |       |       |     6 |     4 ||    10
       Scorch            |       |       |       |       |     1 |       ||     1
       Iron Shot         |       |       |       |       |       |   303 ||   303
Invok: Channel Magic     |       |       |       |       |     8 |    25 ||    33
Evoke: Wand              |       |       |     2 |    36 |    14 |     3 ||    55
       Tin of tremorston |       |       |       |     2 |       |       ||     2
       Phantom mirror    |       |       |       |     1 |       |       ||     1
  Use: Scroll            |       |     1 |     5 |    11 |    19 |     8 ||    44
       Potion            |       |     1 |       |     1 |     2 |    13 ||    17
 Stab: Sleeping          |     1 |     1 |     2 |       |       |       ||     4
       Petrified         |       |       |       |     7 |       |       ||     7
       Paralysed         |       |       |       |     1 |       |       ||     1
Armor: Robe              |     4 |    20 |    25 |    12 |       |       ||    61
       Ring mail         |     5 |     5 |       |   130 |   426 |    25 ||   591
       Quicksilver drago |       |       |       |       |       |   147 ||   147
       Ice dragon scales |       |       |       |       |       |   171 ||   171
Dodge: Dodged            |     8 |    41 |    23 |   168 |   577 |   452 ||  1269
Block: Other             |       |       |       |       |    14 |       ||    14
       Buckler           |       |       |       |       |       |   110 ||   110
